 Dungeon Crawl Stone Soup version 0.18.1-48-g4cf74bf (webtiles) character file.

6281 Inkary the Fighter (level 10, -20/95 HPs)
             Began as a Minotaur Gladiator on July 30, 2016.
             Was an Elder of Okawaru.
             Killed from afar by a fire dragon (40 damage)
             ... with a blast of flame
             ... on level 8 of the Dungeon.
             The game lasted 00:15:05 (7731 turns).

Inkary the Fighter (Minotaur Gladiator)             Turns: 7731, Time: 00:15:05

Health: -20/95     AC: 13    Str: 20    XL:     10   Next: 63%
Magic:  11/11      EV: 17    Int: 10    God:    Okawaru [****..]
Gold:   400        SH:  0    Dex: 14    Spells: 0 memorised, 9 levels left

rFire  . . .     SeeInvis .     i - +3 quarterstaff (chaos)
rCold  + . .     Gourm    .     b - +1 ring mail {rC+}
rNeg   . . .     Faith    .     (shield currently unavailable)
rPois  .         Spirit   .     c - +0 hat
rElec  .         Dismiss  .     k - +2 cloak {MR+}
rCorr  .         Reflect  .     B - +0 pair of gloves
SustAt .         Harm     .     (no boots)
MR     +....     Clarity  +     s - amulet of regeneration
Stlth  +.........               w - +5 ring of intelligence
                                (no ring)

@: somewhat resistant to hostile enchantments, very unstealthy
A: retaliatory headbutt, horns 2, molten scales 1, clarity, MP-powered wands
a: Heroism, Renounce Religion


You were on level 8 of the Dungeon.
You worshipped Okawaru.
Okawaru was greatly pleased with you.
You were not hungry.

You visited 2 branches of the dungeon, and saw 9 of its levels.
You also visited: Sewer.

You collected 400 gold pieces.

Inventory:

Hand Weapons
 i - a +3 quarterstaff of chaos (weapon)
Missiles
 d - 2 throwing nets (quivered)
Armour
 b - a +1 ring mail of cold resistance (worn)
 c - a +0 hat (worn)
 k - a +2 cloak of magic resistance (worn)
 B - a +0 pair of gloves (worn)
Jewellery
 s - an amulet of regeneration (around neck)
 w - a +5 ring of intelligence (right hand)
Wands
 a - a wand of lightning (9/15)
 q - a wand of digging (4/24)
 v - a wand of polymorph (14/24)
Scrolls
 e - 5 scrolls of identify
 g - 2 scrolls of remove curse
 h - a scroll of noise
 j - 3 scrolls of teleportation
 l - a scroll of fear
 r - 3 scrolls of enchant weapon
 y - a scroll of random uselessness {unknown}
Potions
 p - a potion of cure mutation
 t - a potion of curing
 u - a potion of cancellation {unknown}
 x - a potion of flight
Books
 m - a book of Power

   Spells                             Type                      Level
   a - Fulminant Prism                Conjuration/Hexes            4
   b - Iskenderun's Mystic Blast      Conjuration                  4
   c - Venom Bolt                     Conjuration/Poison           5
   d - Bolt of Magma                  Conjuration/Fire/Earth       5
   e - Iron Shot                      Conjuration/Earth            6
   f - Orb of Destruction             Conjuration                  7
   g - Spellforged Servitor           Conjuration/Summoning        7
 z - a book of Necromancy

   Spells                             Type                      Level
   a - Pain                           Necromancy                   1
   b - Animate Skeleton               Necromancy                   1
   c - Vampiric Draining              Necromancy                   3
   d - Regeneration                   Charms/Necromancy            3
   e - Animate Dead                   Necromancy                   4
   f - Control Undead                 Necromancy                   4
Comestibles
 f - 10 bread rations
 n - 4 slices of pizza
 o - 7 meat rations
 A - a chunk of flesh


   Skills:
 + Level 11.0 Fighting
 - Level 9.0 Staves
 - Level 2.0 Throwing
 + Level 6.8 Armour
 + Level 10.6 Dodging
 + Level 3.1 Invocations


You had 9 spell levels left.
You didn't know any spells.

Dungeon Overview and Level Annotations

Branches:
Dungeon (8/15)             Temple (1/1) D:5            Lair (0/8) D:8

Altars:
Ashenzari
Cheibriados
Dithmenos
Elyvilon
Fedhas
Gozag
Kikubaaqudgha
Makhleb
Okawaru
Pakellas
Qazlal
Ru
Sif Muna
Trog
Vehumet
Xom
Yredelemnul
Zin
The Shining One


Innate Abilities, Weirdness & Mutations

You reflexively headbutt those who attack you in melee.
You have a pair of horns on your head.
You are partially covered in molten scales (AC +1).
You possess an exceptional clarity of mind.
You expend magic power (3 MP) to strengthen your wands.


Message History

The killer bee barely misses you. The killer bee closely misses you.
You feel sick. The killer bee misses you. The killer bee closely misses you.
You furiously retaliate!
You headbutt the killer bee! The killer bee closely misses you.
You furiously retaliate!
You headbutt the killer bee!
You kill the killer bee!
Okawaru accepts your kill.
You feel sick. The fire dragon breathes flames at you.
The blast of flame hits you!
Ouch! That really hurt!
* * * LOW HITPOINT WARNING * * *
You feel sick.
Drink which item? (? for menu, Esc to quit)
You feel better. The fire dragon breathes flames at you.
The blast of flame hits you!
You die...

§§.#..# #########.# #....
§≈.#..############## #.# #####
≈.#..#............###.########
#..........................###
#..#............###....P...... §§
#..#............# ##...P...P.. ≈§
#..#............# #.†PP.P.P...
§###..#.†..........###P.P.P...P..
.(..........D...@.......PP.P.P.P.
########.###########...PPP##'#P.P
.......#.# #......#()#...
.......#.# #..P...#>.#..P
########.# ##..P.P####.PP
.........# #..PP...PPP..
############ ##...P...P...
...........###########....P.P.P.P
#########...........###......P.P.


You could see a fire dragon.

Vanquished Creatures
  Pikel (D:8)
  Prince Ribbit (D:5)
  Grinder (D:4)
  A spriggan (D:7)
  5 yaks (D:6)
  2 hippogriffs
  Edmund (D:5)
  3 orc warriors
  2 sky beasts
  2 ice beasts
  2 slaves (D:8)
  3 phantoms
  6 ogres
  A centaur (D:6)
  2 big kobolds (Sewer)
  Blork the orc (D:5)
  3 giant frogs (D:6)
  2 scorpions (D:6)
  21 killer bees
  4 wights (D:8)
  3 crimson imps
  A jelly (D:7)
  An orc priest (D:6)
  Crazy Yiuf (D:6)
  A giant frog skeleton (D:5)
  2 hounds
  2 orc wizards (D:7)
  A centaur skeleton (D:5)
  3 iguanas
  2 worker ants
  A hell rat (D:6)
  A hound skeleton (D:7)
  3 gnolls (D:2)
  9 adders
  19 river rats
  A shadow imp (D:8)
  6 oozes
  An adder skeleton (D:4)
  An adder zombie (D:8)
  A worm (D:5)
  4 dart slugs
  3 giant geckos
  23 orcs
  6 giant cockroaches
  8 hobgoblins
  2 jackals (D:2)
  6 quokkas
  11 ball pythons
  A ball python skeleton (D:6)
  10 bats
  A giant newt (D:2)
  2 goblins
  15 kobolds
  A quokka zombie (D:5)
  33 rats
250 creatures vanquished.

Vanquished Creatures (others)
  A slave (D:8)
  2 bats (D:8)
  A rat (D:8)
  2 fungi (D:8)
6 creatures vanquished.

Grand Total: 256 creatures vanquished

Notes
Turn   | Place    | Note
--------------------------------------------------------------
     0 | D:1      | Inkary the Minotaur Gladiator began the quest for the Orb.
     0 | D:1      | Reached XP level 1. HP: 18/18 MP: 0/0
   191 | D:1      | Reached XP level 2. HP: 25/25 MP: 1/1
   551 | D:2      | Reached skill level 3 in Fighting
   750 | D:2      | Found a stormy altar of Qazlal.
   823 | D:2      | Reached XP level 3. HP: 25/31 MP: 2/2
   976 | D:2      | Reached XP level 4. HP: 30/40 MP: 3/3
   987 | D:2      | Reached skill level 4 in Fighting
  1121 | D:2      | Found a white marble altar of Elyvilon.
  1194 | D:2      | Found a basalt altar of Yredelemnul.
  1343 | D:3      | Found a glowing drain.
  1347 | Sewer    | Entered a sewer
  1630 | Sewer    | Reached XP level 5. HP: 12/46 MP: 4/4
  1974 | Sewer    | Reached skill level 5 in Staves
  2159 | Sewer    | Reached skill level 5 in Dodging
  2180 | Sewer    | Reached XP level 6. HP: 45/55 MP: 5/5
  2236 | Sewer    | Reached skill level 5 in Fighting
  2638 | D:3      | Found a shimmering altar of Xom.
  2638 | D:3      | Found a glowing golden altar of the Shining One.
  2640 | D:3      | Found a burning altar of Makhleb.
  2652 | D:3      | Found a blossoming altar of Fedhas.
  2652 | D:3      | Found a snail-covered altar of Cheibriados.
  2653 | D:3      | Found a sacrificial altar of Ru.
  3512 | D:4      | Reached XP level 7. HP: 49/61 MP: 6/6
  3884 | D:5      | Entered Level 5 of the Dungeon
  3884 | D:5      | Noticed Grinder
  4005 | D:5      | Reached skill level 6 in Fighting
  4009 | D:5      | Paralysed by Grinder for 2 turns
  4021 | D:4      | Killed Grinder
  4092 | D:5      | Found a staircase to the Ecumenical Temple.
  4119 | Temple   | Entered the Ecumenical Temple
  4208 | Temple   | Became a worshipper of Warmaster Okawaru
  4301 | D:5      | Reached XP level 8. HP: 70/71 MP: 7/7
  4371 | D:5      | Reached skill level 7 in Fighting
  4608 | D:5      | Noticed Blork the orc
  4621 | D:5      | Killed Blork the orc
  4756 | D:5      | Noticed Edmund
  4762 | D:5      | Killed Edmund
  4762 | D:5      | Reached * piety under Okawaru
  4783 | D:5      | Reached skill level 8 in Fighting
  4864 | D:5      | Noticed Prince Ribbit
  4870 | D:5      | Killed Prince Ribbit
  5074 | D:6      | Reached XP level 9. HP: 37/82 MP: 8/8
  5200 | D:6      | Noticed Crazy Yiuf
  5211 | D:6      | Killed Crazy Yiuf
  5345 | D:6      | Reached ** piety under Okawaru
  5349 | D:6      | Reached skill level 1 in Armour
  5388 | D:6      | Reached skill level 9 in Fighting
  5584 | D:6      | Reached *** piety under Okawaru
  5619 | D:6      | Found an iron altar of Okawaru.
  5647 | D:6      | Gained mutation: Your body sometimes deteriorates upon taking damage. [mutagenic meat]
  5648 | D:6      | Lost mutation: Your body sometimes deteriorates upon taking damage. [potion of cure mutation]
  6072 | D:7      | Reached skill level 10 in Fighting
  6076 | D:7      | Reached skill level 5 in Armour
  6080 | D:7      | Gained mutation: You expend magic power (3 MP) to strengthen your wands. [mutagenic meat]
  6081 | D:7      | Gained mutation: You possess an exceptional clarity of mind. [mutagenic meat]
  6082 | D:7      | Gained mutation: You are partially covered in molten scales (AC +1). [mutagenic meat]
  6234 | D:7      | Reached XP level 10. HP: 61/93 MP: 9/9
  6235 | D:7      | Reached **** piety under Okawaru
  6728 | D:8      | Reached skill level 10 in Dodging
  6784 | D:8      | Noticed Pikel
  6809 | D:8      | Killed Pikel
  6809 | D:8      | Reached skill level 1 in Invocations
  6966 | D:8      | Noticed a fire dragon
  7498 | D:8      | Found a staircase to the Lair.
  7673 | D:8      | Reached skill level 11 in Fighting
  7731 | D:8      | Killed from afar by a fire dragon

Skill      XL: |  1  2  3  4  5  6  7  8  9 10 |
---------------+-------------------------------+-----
Staves         | 4 5 6 7 8 9 |  9.0
Fighting       | 3 4 5 6 8 10 11 | 11.0
Dodging        | 4 5 6 8 9 10 | 10.6
Armour         | 5 6 |  6.8
Invocations    | 3 |  3.1
Throwing       | |  2.0

Action                   |  1- 3 |  4- 6 |  7- 9 | 10-12 || total
-------------------------+-------+-------+-------+-------++-------
Melee: Quarterstaff      |    52 |   144 |   335 |   160 ||   691
       Headbutt          |     8 |    30 |    55 |    31 ||   124
Throw: Throwing net      |       |       |     1 |       ||     1
Invok: Heroism           |       |       |       |     1 ||     1
  Use: Scroll            |       |    11 |     4 |       ||    15
       Potion            |       |       |     4 |     1 ||     5
 Stab: Paralysed         |       |       |     1 |       ||     1
  Eat: Chunk             |       |     7 |    15 |     5 ||    27
Armor: Leather armour    |     6 |    20 |       |       ||    26
       Ring mail         |       |     7 |    59 |    44 ||   110
       Skin              |       |       |    33 |       ||    33
Dodge: Dodged            |    44 |    81 |   185 |   123 ||   433
